 Dungeon Crawl Stone Soup version 0.16.1-2-g95b8d4c (webtiles) character file.

2237 Ololoev the Summoner (level 9, -1/45 HPs)
             Began as a Tengu Summoner on Mar 24, 2015.
             Was an Initiate of Ru.
             Killed by divine providence
             ... invoked by an orc priest
              (8 damage)
             ... on level 8 of the Dungeon.
             The game lasted 00:29:16 (10902 turns).

Ololoev the Summoner (Tengu Summoner)              Turns: 10902, Time: 00:29:17

Health: -1/45      AC:  4    Str:  9    XL:     9   Next: 36%
Magic:  14/23      EV: 13    Int: 18    God:    Ru [......]
Gold:   348        SH:  0    Dex: 18    Spells: 5 memorised, 4 levels left

rFire  . . .     SeeInvis .     A - +3 trident (venom)
rCold  . . .     Clarity  .     e - +1 robe {Archmagi}
rNeg   . . .     SustAb   .     (no shield)
rPois  .         Gourm    .     (helmet restricted)
rElec  .         Spirit   .     (no cloak)
rCorr  +         Warding  .     r - +0 pair of gloves (curse)
rMut   .         Stasis   .     (boots unavailable)
MR     .....                    C - amulet of resist corrosion
Stlth  ++........               (no ring)
                                x - +3 ring of dexterity

@: not resistant to hostile enchantments, unstealthy
A: able to fly, beak, talons 3, screaming 1
a: Fly, Renounce Religion


You were on level 8 of the Dungeon.
You worshipped Ru.
Ru was noncommittal.
You were hungry.

You visited 1 branch of the dungeon, and saw 8 of its levels.

You collected 348 gold pieces.

Notes
Turn   | Place    | Note
--------------------------------------------------------------
     0 | D:1      | Ololoev, the Tengu Summoner, began the quest for the Orb.
     0 | D:1      | Reached XP level 1. HP: 10/10 MP: 3/3
   202 | D:1      | Reached skill level 5 in Summonings
   348 | D:1      | Reached XP level 2. HP: 10/15 MP: 5/5
   435 | D:1      | Learned a level 2 spell: Call Imp
  1626 | D:2      | Reached XP level 3. HP: 10/19 MP: 4/7
  1642 | D:2      | Reached skill level 6 in Summonings
  1760 | D:2      | Learned a level 3 spell: Call Canine Familiar
  3003 | D:2      | Noticed Jessica
  3015 | D:2      | Killed Jessica
  3015 | D:2      | Reached XP level 4. HP: 24/24 MP: 5/8
  4075 | D:3      | Reached skill level 7 in Summonings
  4586 | D:3      | Noticed Ijyb
  4598 | D:3      | Killed Ijyb
  4736 | D:3      | Found a glowing golden altar of the Shining One.
  4895 | D:4      | Reached XP level 5. HP: 22/28 MP: 11/11
  5056 | D:4      | Found an iron altar of Okawaru.
  5158 | D:4      | Reached skill level 1 in Polearms
  5168 | D:4      | Noticed a phantom
  5193 | D:4      | Killed a phantom
  5376 | D:4      | Noticed a phantom
  5585 | D:4      | Reached XP level 6. HP: 27/32 MP: 9/13
  5603 | D:4      | Killed a phantom
  5639 | D:4      | Noticed a phantom
  5659 | D:4      | Killed a phantom
  5927 | D:5      | Entered Level 5 of the Dungeon
  6354 | D:5      | Reached skill level 8 in Summonings
  6354 | D:5      | Reached XP level 7. HP: 23/36 MP: 12/17
  6957 | D:5      | Found a sacrificial altar of Ru.
  6969 | D:5      | Became a worshipper of Ru the Awakened
  7548 | D:6      | Noticed Grinder
  7679 | D:6      | Reached skill level 5 in Polearms
  7738 | D:6      | Killed Grinder
  7738 | D:6      | Reached XP level 8. HP: 21/41 MP: 17/20
  8550 | D:6      | Learned a level 4 spell: Summon Lightning Spire
  8555 | D:6      | Learned a level 4 spell: Summon Ice Beast
  9075 | D:6      | Reached skill level 9 in Summonings
  9541 | D:6      | Found a radiant altar of Vehumet.
  9541 | D:6      | Found a sparkling altar of Nemelex Xobeh.
  9626 | D:7      | Reached skill level 1 in Air Magic
  9726 | D:7      | Found a staircase to the Ecumenical Temple.
  9753 | D:7      | Gained mutation: You occasionally shout uncontrollably at your foes. [Ru sacrifice]
  9769 | D:7      | Got an ancient leather armour
  9780 | D:7      | Identified the cursed -1 leather armour of Unreason {rCorr} (You found it on level 7 of the Dungeon)
  9900 | D:7      | Reached skill level 5 in Spellcasting
  9903 | D:7      | Reached XP level 9. HP: 7/45 MP: 13/22
 10655 | D:7      | Found a deep blue altar of Sif Muna.
 10843 | D:8      | Reached skill level 5 in Air Magic
 10856 | D:8      | Found a staircase to the Lair.
 10902 | D:8      | Killed from afar by an orc priest

Inventory:

Hand weapons
 A - a +3 trident of venom (weapon)
Armour
 e - a +1 robe of the Archmagi (worn)
 r - a cursed +0 pair of gloves (worn)
 y - a +0 buckler
Jewellery
 x - a +3 ring of dexterity (left hand)
 C - an amulet of resist corrosion (around neck)
Magical devices
 s - a wand of fire (12)
 B - a wand of fireball (2)
Scrolls
 a - 8 scrolls of remove curse
 h - a scroll of enchant weapon
 p - 3 scrolls of recharging
 q - a scroll of random uselessness {unknown}
 t - a scroll of enchant armour {unknown}
 u - a scroll of fog {unknown}
Potions
 d - 6 potions of curing
 f - 3 potions of magic {unknown}
 g - a potion of flight
 i - 2 potions of cancellation
 j - a potion of berserk rage {unknown}
 k - 2 potions of restore abilities {unknown}
 m - 2 potions of heal wounds
 n - a potion of haste {unknown}
 o - a potion of poison {unknown}
 v - a potion of lignification {unknown}
 w - 2 potions of mutation {unknown}
 z - a potion of resistance {unknown}
Books
 b - a book of Callings

   Spells                             Type                      Level
   a - Summon Small Mammal            Summoning                    1
   b - Call Imp                       Summoning                    2
   c - Call Canine Familiar           Summoning                    3
   d - Summon Guardian Golem          Hexes/Summoning              4
   e - Summon Lightning Spire         Summoning/Air                4
   f - Summon Ice Beast               Ice/Summoning                4
Comestibles
 c - 2 bread rations
 l - 2 beef jerkies

Table legend:
 A = Turns spent in this place as a percentage of turns spent in the entire game.
 B = Non-inter-level travel turns spent in this place as a percentage of non-inter-level travel turns spent in the entire game.
 C = Inter-level travel turns spent in this place as a percentage of turns spent in this place.
 D = Turns resting spent in this place as a percentage of non-inter-level travel turns spent in this place.
 E = Turns spent auto-exploring this place as a percentage of non-inter-level travel turns spent in this place.
 F = Non-inter-level travel turns spent in this place divided by the number of levels of this place that you've seen.
                   A       B       C       D       E      F
               +-------+-------+-------+-------+-------+----------------------
         Total | 100.0 | 100.0 |   0.4 |   5.6 |  11.1 | 345.8
       Dungeon | 100.0 | 100.0 |   0.4 |   5.6 |  11.1 | 345.8
               +-------+-------+-------+-------+-------+----------------------


   Skills:
 * Level 7.9 Polearms
 - Level 2.1 Dodging
 - Level 2.0 Stealth
 + Level 5.3 Spellcasting
 + Level 9.6 Summonings
 - Level 5.0 Air Magic


You had 4 spell levels left.
You knew the following spells:

 Your Spells              Type           Power        Failure   Level  Hunger
a - Summon Small Mammal   Summ           ####         1%          1    None
b - Call Imp              Summ           ######..     1%          2    #......
c - Call Canine Familiar  Summ           ######..     1%          3    ##.....
d - Summon Lightning Spi  Summ/Air       #####...     8%          4    ####...
e - Summon Ice Beast      Ice/Summ       ####....     21%         4    ####...


Dungeon Overview and Level Annotations

Branches:
Dungeon (8/15)             Temple (0/1) D:7            Lair (0/8) D:8

Altars:
Nemelex Xobeh
Okawaru
Ru
Sif Muna
Vehumet
The Shining One


Innate Abilities, Weirdness & Mutations

You can fly.
You have a beak for a mouth.
You have claws for feet.
You occasionally shout uncontrollably at your foes.


Message History

Aiming: Summon Lightning Spire
Press: ? - help, Dir - move target cursor, p - orc warrior You feel a surge of power!
An electric hum fills the air.
The giant frog closely misses you. The giant frog hits you.
Unknown command.
The giant frog closely misses your wolf.
The orc warrior hits your lightning spire with a dire flail of crushing!!
Your lightning spire is destroyed!
Your wolf completely misses the giant frog.
Unknown command.
Your wolf closely misses the giant frog.
Your wolf bites the giant frog.
Read which item? (? for menu, Esc to quit)
As you read the scroll labeled CRISEC IDIQ, it crumbles to dust.
It is a scroll of enchant weapon.
Enchant which weapon? (? for menu, Esc to quit)
Your +2 trident of venom glows red for a moment.
Your wolf bites the giant frog!
The giant frog hits you.
Your wolf barely misses the giant frog.
Your wolf bites the worker ant zombie!
The giant frog closely misses you.
Your wolf bites the worker ant zombie!
The worker ant zombie bites your wolf.
Your wolf barely misses the worker ant zombie.
Casting: Summon Lightning Spire
Confirm with . or Enter, or press ? or * to list all spells.
You feel a surge of power! A chill wind blows around you.
You are feeling hungry.
The giant frog hits you.
Your wolf bites the worker ant zombie!
The worker ant zombie is destroyed!
The giant frog hits you.
Your wolf bites the orc priest!
Your wolf bites the orc priest.
The orc priest calls upon Beogh to heal the orc warrior.
The orc warrior's wounds heal themselves!
The orc priest hits your wolf with a war axe.
Your wolf bites the orc priest.
The giant frog completely misses you.
Your ice beast hits the giant frog.
Your ice beast freezes the giant frog!
The giant frog seems to slow down.
Your wolf bites the orc priest!
The orc priest calls down the wrath of Beogh upon you.
Something smites you!
You die...

####..P.PP.PP..PP
.......PP†PP.P.P..P.
.......#...PPP.P..P.P...
........##.P.P.PPP.PP...#
.........###.†.P..P....P.#
.P..P.....###....PPPPP....#
...P.P..........P.....P....####
...P...........PoYP..P..P......
##P...........@.F..oo..........
............########.h.#...>....
#########.##.# #...#o.....8.
..........##.# #...#...8.PP.
.###########.# #...#..!...8.
.####### #.# #...#...o....
......... ..# #...#.......
######## ### #...#...o.. .......
.......$..


You could see an orc warrior, a giant frog, 2 orc priests, a friendly ice beast
and a friendly wolf.

Table legend:
 A = Kills in this place as a percentage of kills in entire the game.
 B = Kills by you in this place as a percentage of kills by you in the entire game.
 C = Kills by friends in this place as a percentage of kills by friends in the entire game.
 D = Other kills in this place as a percentage of other kills in the entire game.
 E = Experience gained in this place as a percentage of experience gained in the entire game.
 F = Experience gained in this place divided by the number of levels of this place that you have seen.
                   A       B       C       D       E      F
               +-------+-------+-------+-------+-------+----------------------
         Total | 100.0 | 100.0 | 100.0 |  -nan | 100.0 | 399.6
       Dungeon | 100.0 | 100.0 | 100.0 |  -nan | 100.0 | 399.6
               +-------+-------+-------+-------+-------+----------------------

Vanquished Creatures
  A sky beast (D:6)
  A centaur (D:7)
  3 phantoms
  A big kobold (D:7)
  A giant frog (D:7)
  2 scorpions
  A wight (D:6)
  A goliath beetle (D:8)
  A centaur zombie (D:8)
  A centaur skeleton (D:7)
  A jelly (D:7)
  2 hounds
  2 iguanas (D:5)
  A gnoll (D:6)
  A worker ant zombie (D:5)
  An adder (D:3)
  A worm (D:5)
  A giant mite (D:5)
  An adder skeleton (D:4)
  3 giant geckos
  An ooze (D:2)
  7 orcs
  2 ball pythons
  2 bat skeletons
  A bat zombie (D:6)
  6 giant cockroaches
  6 goblins
  6 hobgoblins
  19 kobolds
  15 bats
  2 giant gecko skeletons
  2 giant newts
  A quokka (D:4)
  8 rats
  A ballistomycete (D:6)
106 creatures vanquished.

Vanquished Creatures (collateral kills)
  Grinder (D:6)
  2 steam dragons (D:7)
  A hippogriff (D:7)
  3 phantoms
  A black bear (D:7)
  2 ogres
  2 ice beasts (D:5)
  A necrophage (D:8)
  A gnoll sergeant (D:6)
  3 wights
  A giant frog skeleton (D:7)
  A gnoll shaman (D:7)
  A jelly (D:7)
  2 orc priests (D:6)
  An iguana (D:7)
  2 orc wizards (D:6)
  3 worker ants
  2 hounds (D:4)
  Ijyb (D:3)
  Jessica (D:2)
  A mummy (D:8)
  A worker ant zombie (D:8)
  7 gnolls
  4 adders
  A giant mite (D:2)
  3 worms
  An adder skeleton (D:4)
  An adder zombie (D:5)
  An ooze (D:2)
  6 orcs
  5 bats
  3 goblins
  7 hobgoblins
  2 giant newts
  A ballistomycete (D:6)
  A fungus (D:7)
77 creatures vanquished.

Vanquished Creatures (others)
  A warg (D:7)
  7 wolves
  A lightning spire (D:8)
  A crimson imp (D:6)
  2 hounds (D:2)
  2 white imps (D:6)
  A shadow imp (D:7)
  A giant spore (D:6)
16 creatures vanquished.

Grand Total: 199 creatures vanquished

Action                   |  1- 3 |  4- 6 |  7- 9 || total
-------------------------+-------+-------+-------++-------
Melee: Unarmed           |   178 |    76 |       ||   254
       Trident           |       |   102 |   229 ||   331
 Cast: Summon Small Mamm |     2 |       |       ||     2
       Call Imp          |    12 |    11 |    10 ||    33
       Call Canine Famil |     6 |    15 |    19 ||    40
       Summon Lightning  |       |       |     3 ||     3
       Summon Ice Beast  |       |       |     1 ||     1
Invok: Sacrifice Purity  |       |       |     1 ||     1
  Use: Scroll            |     5 |     2 |     4 ||    11
 Stab: Sleeping          |     3 |     3 |     6 ||    12
       Distracted        |       |     3 |       ||     3
  Eat: Chunk             |     7 |    14 |    12 ||    33
       Bread ration      |       |       |     1 ||     1

Vault maps used:
D:1:      dpeg_arrival_sounds_slurp, roderic_greek_sauvastika
D:2:      uniq_jessica
D:3:      overflow_temple_1_default, uniq_iyjb
D:4:      old_standard_altar, minmay_misc_feat_doors, minmay_cut_off
D:5:      lemuel_upstairs_altar, hangedman_ru_absence, first_bread
D:6:      gammafunk_temple_overflow_elements, uniq_grinder
D:7:      kennysheep_steamy, lemuel_blue_sif_altar, temple_pool_a
D:8:      due_lair_maze_entry_diamond, serial_undead, serial_undead_b,
          serial_undead_a, serial_undead_b, serial_undead_f, serial_undead_d,
          serial_undead_e, serial_undead_c, serial_undead_b
